 Dungeon Crawl Stone Soup version 0.27-a0-631-g2d681adce0 (webtiles) character file.

Game seed: 14544058711498479191

49 Azzok the Skirmisher (level 3, 36/43 HPs)
             Began as a Demonspawn Berserker on Mar 13, 2021.
             Was a Follower of Trog.
             Quit the game on level 2 of the Dungeon.
             The game lasted 00:01:09 (1061 turns).

Azzok the Skirmisher (Demonspawn Berserker)         Turns: 1061, Time: 00:01:10

Health: 36/43      AC:  8    Str: 18    XL:     3   Next: 53%
Magic:  3/3        EV:  7    Int: 10    God:    Trog [*.....]
Gold:   48         SH:  0    Dex: 12    Spells: 2/2 levels left

rFire    . . .     SeeInvis .   g - +0 mace (vorpal)
rCold    . . .     Faith    .   (no shield)
rNeg     . . .     Spirit   .   i - +0 chain mail
rPois    .         Reflect  .   (no helmet)
rElec    .         Harm     .   (no cloak)
rCorr    .         Rampage  .   (no gloves)
Will     .....                  (no boots)
Stlth    ..........             (no amulet)
HPRegen  0.14/turn              (no ring)
MPRegen  0.08/turn              (no ring)

@: berserking, very quick
A: hooves 1, big brain 1
a: Renounce Religion, Berserk


You were on level 2 of the Dungeon.
You worshipped Trog.
Trog was aware of your devotion.
You visited 1 branch of the dungeon, and saw 2 of its levels.

You collected 48 gold pieces.

Inventory:

Hand Weapons
 a - a +0 hand axe
 g - a +0 vorpal mace (weapon)
Armour
 i - a +0 chain mail (worn)
Scrolls
 c - 4 scrolls of teleportation {unknown}
 e - a scroll of amnesia {unknown}
 h - 3 scrolls of identify {unknown}
Potions
 b - a potion of heal wounds {unknown}
 d - a potion of mutation {unknown}
 f - a potion of attraction {unknown}
 j - a potion of curing {unknown}
 k - 2 potions of degeneration {unknown}


   Skills:
 + Level 3.4 Fighting
 + Level 3.1 Axes
 + Level 2.3 Armour
 + Level 2.3 Dodging


You had 2 spell levels left.
You didn't know any spells.
Your spell library was empty.

Dungeon Overview and Level Annotations

Branches:
Dungeon (2/15)

Altars:


Innate Abilities, Weirdness & Mutations

You have large cloven feet.
You have an unusually large brain. (Int +2)


Message History

You hit the worm. You kick the worm, but do no damage.
The worm is moderately wounded.
The worm barely misses you.
You barely miss the worm. You kick the worm.
The worm is heavily wounded.
You hit the worm. You kick the worm.
You kill the worm!
Trog accepts your kill.
You see here a worm corpse.
There is a shaft here.
Natasha, Servant of Life and Death comes into view.
She is carrying a wand of digging (7).
Natasha hisses angrily.
Natasha mumbles some strange words.
There are monsters nearby!
You barely miss the shadow imp. Your kick misses the shadow imp.
The shadow imp hits you but does no damage.
Natasha zaps a wand.
Some rock shatters into small pieces.
Your chain mail prevents you from hitting the shadow imp.
The shadow imp hits you but does no damage.
A red film seems to cover your vision as you go berserk!
You feel yourself moving faster!
You feel mighty! The shadow imp hits you.
You thump the shadow imp! You kick the shadow imp.
You kill the shadow imp!
Natasha closely misses you.
You closely miss Natasha. Your kick misses Natasha.
Natasha mewls in sadness.
Natasha casts a spell at you.
The magic dart hits you but does no damage.
You closely miss Natasha. Natasha claws you.
You sock Natasha!
You kill Natasha!
Trog accepts your kill.
Trog appreciates your killing of a magic user.
Natasha screams in fury as she dies!
You have reached level 3!
Your experience leads to an increase in your attributes!
Increase (S)trength, (I)ntelligence, or (D)exterity?
You feel stronger.
Your demonic ancestry asserts itself...
Your brain expands.
Are you sure you want to abandon this character and quit the game? (Confirm with "yes".)

▒·▒·····▒·▒▒········
▒▒
▒···<·†·▒·▒▒▒▒▒▒▒▒▒▒
·▒▒·······▒·▒ ▒
·▒▒········▒ ▒
·▒··^▒▒·▒▒▒ ▒
···▒▒▒·▒ ▒▒ ▒······▒
▒· ▒▒·▒▒▒▒▒ ▒▒ ▒@†▒
▒▒▒ ▒·······▒ ▒··
▒·▒▒·▒▒·▒ ▒·· ▒ ▒·▒
▒ ▒· ▒·· ▒·▒ ··· ▒··
▒·▒▒ ▒·▒ ▒··
▒·▒▒·▒▒▒▒·▒▒▒▒▒▒·▒
·····▒·········▒·▒
········▒▒·▒·▒·▒


There were no monsters in sight!

Vanquished Creatures
  Natasha (D:2)
  A worm (D:2)
  4 bats (D:1)
  3 goblins (D:1)
  3 hobgoblins
  2 kobolds (D:1)
  A quokka (D:2)
  2 frilled lizards (D:1)
  5 rats (D:1)
22 creatures vanquished.

Notes
Turn   | Place    | Note
-------+----------+-------------------------------------------
     0 | D:1      | Azzok the Demonspawn Berserker began the quest for the Orb.
     0 | D:1      | Reached XP level 1. HP: 18/18 MP: 1/1
   173 | D:1      | Gained mutation: You have large cloven feet. [demonic
                  | ancestry]
   173 | D:1      | Reached XP level 2. HP: 23/24 MP: 2/2
  1053 | D:2      | Noticed Natasha
  1060 | D:2      | Killed Natasha
  1061 | D:2      | Gained mutation: You have an unusually large brain. (Int
                  | +2) [demonic ancestry]
  1061 | D:2      | Reached XP level 3. HP: 29/29 MP: 3/3
  1061 | D:2      | Quit the game

Illustrated notes

Levels and vault maps discovered:
D:1:      mrwooster_arrival_statue_2, layout_basic
D:2:      minmay_wonky_spiral, layout_loops_cross, uniq_natasha

Skill      XL: |  1  2 |
---------------+-------+-----
Armour         | 2 |  2.3
Dodging        | 2 |  2.3
Axes           | 3 |  3.1
Fighting       | |  3.4

Action                   || total
-------------------------++-------
Melee: Hand axe          ||    34
       Mace              ||    16
       Kick              ||     7
Invok: Berserk           ||     1
Armor: Animal skin       ||     8
       Chain mail        ||    13
       Leather armour    ||     4
Dodge: Dodged            ||    38

Table legend: (Time is in decaauts)
 A = Elapsed time spent in this place.
 B = Non-inter-level travel time spent in this place.
 C = Inter-level travel time spent in this place.
 D = Time resting spent in this place.
 E = Time spent auto-exploring this place.
 F = Levels seen in this place.
 G = Mean time per level.
                   A        B        C        D        E       F      G
               +--------+--------+--------+--------+--------+-----+--------+
         Total |   1069 |   1020 |     49 |      0 |    827 |   2 |  534.5 |
       Dungeon |   1069 |   1020 |     49 |      0 |    827 |   2 |  534.5 |
               +--------+--------+--------+--------+--------+-----+--------+

Top non-repeatable levels by time:
     D:1: 913 daAuts
     D:2: 156 daAuts
